 Dungeon Crawl Stone Soup version 0.30-a0-799-g109b55a442 (webtiles) character file.

Game seed: 16956710812471096208

9823 domi the Fighter (level 11, -10/80 (99) HPs)
             Began as a Demonspawn Conjurer on Feb 20, 2023.
             Was an Initiate of Gozag.
             Mangled by a spectral orc knight
             ... wielding a +1 battleaxe
             ... summoned by Nergalle
              (14 damage)
             ... on level 11 of the Dungeon.
             The game lasted 00:47:14 (15689 turns).

domi the Fighter (Demonspawn Conjurer)             Turns: 15689, Time: 00:47:15

HP:   -10/80 (99)   AC:  9    Str:  8    XL:     11   Next: 28%
MP:   1/18          EV: 17    Int: 23    God:    Gozag
Gold: 2174          SH:  4    Dex: 16    Spells: 2/20 levels left

rFire   . . .      SeeInvis +    d - +1 dagger (venom)
rCold   . . .      Faith    .    (no shield)
rNeg    . . .      Spirit   .    a - +1 robe
rPois   .          Reflect  .    (helmet restricted)
rElec   .          Harm     .    s - +0 cloak
rCorr   .          Rampage  .    (no gloves)
Will    +....                    f - +0 pair of boots
Stlth   ++++                     (no amulet)
HPRegen 0.33/turn                c - +5 ring of evasion
MPRegen 0.16/turn                x - ring of see invisible {sInv}

@: heavily drained
A: antennae 2, thin skeletal structure 2, icemail 1, condensation shield,
demonic magic 2, strong-willed 1, robust 1, MP-powered wands
a: Renounce Religion, Potion Petition, Call Merchant, Bribe Branch


You were on level 11 of the Dungeon.
You worshipped Gozag.
Gozag was most pleased with you.
You visited 2 branches of the dungeon, and saw 12 of its levels.
You also visited: Bailey.

You collected 2249 gold pieces.
You paid 75 gold pieces to Gozag.

Inventory:

Hand Weapons
 d - a +1 dagger of venom (weapon)
   (You took it off an orc on level 6 of the Dungeon)
 w - a +2 dagger of draining
   (You found it on level 8 of the Dungeon)
 z - the +0 dagger of the Modern Deaths {pain, rPois rC+ Dex+2}
   (You found it on level 10 of the Dungeon)

   Dex:       It affects your dexterity (+2).
   rC:        It protects you from cold.
   rPois:     It protects you from poison.
Missiles
 n - 6 javelins (quivered)
 v - 2 throwing nets {=f, !d=f}
Armour
 a - a +1 robe (worn)
 f - a +0 pair of boots (worn)
   (You found it on level 2 of the Dungeon)
 s - a +0 cloak (worn)
   (You took it off Maurice on level 8 of the Dungeon)
 C - an orb of energy
   (You found it on level 9 of the Dungeon)
Magical Staves
 p - a staff of death {rN+}
   (You found it on level 4 of the Dungeon)
Jewellery
 c - a +5 ring of evasion (left hand)
   (You found it on level 1 of the Dungeon)
 x - a ring of see invisible (right hand) {sInv}
   (You found it on level 10 of the Dungeon)
 y - a ring of fire {rF+, rC-}
   (You found it on level 9 of the Dungeon)
 E - a +6 ring of strength
   (You found it on level 10 of the Dungeon)
Wands
 b - a wand of digging (4)
   (You took it off a kobold on level 8 of the Dungeon)
 k - a wand of iceblast (6)
   (You found it on level 6 of the Dungeon)
 u - a wand of polymorph (32)
   (You found it on level 7 of the Dungeon)
Scrolls
 e - 2 scrolls of teleportation {@r4}
 h - 4 scrolls of identify {@r1}
 i - a scroll of enchant weapon
 l - 2 scrolls of enchant armour
 q - a scroll of immolation {!r!r}
Potions
 m - a potion of lignification {!q!q}
 o - 4 potions of attraction {!q}
 r - 2 potions of cancellation
 A - a potion of flight
 B - 2 potions of brilliance


   Skills:
 + Level 9.9 Fighting
 - Level 1.7 Dodging
 - Level 1.7 Stealth
 - Level 5.0 Spellcasting
 + Level 9.2 Conjurations
 - Level 5.0 Hexes
 - Level 5.0 Translocations
 + Level 6.4 Air Magic
 + Level 3.9 Evocations


You had 2 spell levels left.
You knew the following spells:

 Your Spells              Type           Power      Damage    Failure   Level
c - Iskenderun's Mystic   Conj/Tloc      38%        2d9       4%          4
u - Hailstorm             Conj/Ice       26%        3d7       4%          3
v - Airstrike             Air            17%        2d(3-19)  7%          4
x - Searing Ray           Conj           96%        2d7       1%          2
y - Shock                 Conj/Air       100%       1d9       1%          1
Z - Fulminant Prism       Conj/Hex       19%        3d11      4%          4

Your spell library contained the following spells:

 Spells                   Type           Power      Damage    Failure   Level
 Magic Dart               Conj           100%       1d8       1%          1
 Lesser Beckoning         Tloc           56%        N/A       1%          2
 Poisonous Vapours        Pois/Air       40%        N/A       3%          2
 Cigotuvi's Dreadful Rot  Necr/Pois/Air  30%        N/A       6%          2
 Dazzling Flash           Conj/Hex       76%        N/A       1%          3
 Swiftness                Air            35%        N/A       1%          3
 Gell's Gravitas          Tloc           28%        N/A       3%          3
 Mephitic Cloud           Conj/Pois/Air  29%        N/A       3%          3
 Portal Projectile        Hex/Tloc       56%        N/A       3%          3
 Teleport Other           Tloc           28%        N/A       3%          3
 Tukima's Dance           Hex            28%        N/A       3%          3
 Ice Form                 Ice/Tmut       5%         N/A       67%         4
 Petrify                  Tmut/Erth      5%         N/A       67%         4
 Metabolic Englaciation   Hex/Ice        8%         N/A       67%         5
 Blade Hands              Tmut           2%         N/A       95%         5
 Statue Form              Tmut/Erth      3%         N/A       100%        6
 Simulacrum               Ice/Necr       Unusable   N/A       N/A         6

Dungeon Overview and Level Annotations

Branches:
Dungeon (11/15)            Temple (1/1) D:6             Orc (0/2) D:10
 Bailey (visited)
   Lair: D:8-11

Altars:
Dithmenos
Fedhas
Gozag
Nemelex Xobeh
Trog
Uskayaw
Vehumet

Annotations:
D:6 3 runed translucent doors, pokeman's ghost, novice DEHW
D:11 3 runed translucent doors, exclusion: jelly, Nergalle


Innate Abilities, Weirdness & Mutations

You have a pair of antennae on your head.
You have a moderately thin skeletal structure. (Dex +4, Stealth++)
A meltable icy envelope protects you from harm. (AC +4)
A meltable shield of frost defends you. (SH +4)
Spells you cast may paralyse nearby enemies.
You are strong-willed. (Will+)
You are robust. (+10% HP)
You expend magic power (3 MP) to strengthen your wands.


Message History

Unknown command.
You hit the spectral orc knight.
The spectral orc knight hits you with a +1 battleaxe.
You hit the spectral orc knight but do no damage.
The spectral orc knight hits you with a +1 battleaxe.
You hit the spectral orc knight.
The spectral orc knight hits you with a +1 battleaxe!
* * * LOW HITPOINT WARNING * * *
You feel drained.
* * * LOW HITPOINT WARNING * * *
Okay, then.
Okay, then.
Unknown command.
Okay, then.
Okay, then.
Aim: a spectral orc warrior, wielding a +0 long sword and wearing a +0 plate armour (summoned, 91% to hit)
You feel a slight surge of power.
The puff of flame hits the spectral orc knight.
The spectral orc knight hits you but does no damage.
Aim: a spectral orc warrior, wielding a +0 long sword and wearing a +0 plate armour (summoned, 91% to hit)
The puff of flame hits the spectral orc knight but does no damage.
The spectral orc knight hits you with a +1 battleaxe.
* * * LOW HITPOINT WARNING * * *
You feel drained.
* * * LOW HITPOINT WARNING * * *
Aim: a spectral orc warrior, wielding a +0 long sword and wearing a +0 plate armour (summoned, 91% to hit)
The puff of flame hits the spectral orc knight but does no damage.
The spectral orc knight hits you but does no damage.
Aim: a spectral orc warrior, wielding a +0 long sword and wearing a +0 plate armour (summoned, 90% to hit)
The puff of flame hits the spectral orc knight but does no damage.
The spectral orc knight hits you but does no damage.
Aim: a spectral orc warrior, wielding a +0 long sword and wearing a +0 plate armour (summoned, 90% to hit)
The puff of flame hits the spectral orc knight.
The spectral orc knight hits you with a +1 battleaxe!
* * * LOW HITPOINT WARNING * * *
You feel drained.
* * * LOW HITPOINT WARNING * * *
Aim: a spectral orc warrior, wielding a +0 long sword and wearing a +0 plate armour (summoned, 90% to hit)
The puff of flame hits the spectral orc knight.
The spectral orc knight hits you but does no damage.
Okay, then.
Aim: a spectral orc warrior, wielding a +0 long sword and wearing a +0 plate armour (summoned, 90% to hit)
The puff of flame hits the spectral orc knight but does no damage.
The spectral orc knight hits you but does no damage.
Okay, then.
Okay, then.
Aim: a spectral orc warrior, wielding a +0 long sword and wearing a +0 plate armour (summoned, 90% to hit)
The puff of flame hits the spectral orc knight but does no damage.
The spectral orc knight hits you but does no damage.
Aim: a spectral orc warrior, wielding a +0 long sword and wearing a +0 plate armour (summoned, 90% to hit)
The puff of flame hits the spectral orc knight.
You block the spectral orc knight's attack.
Aim: a spectral orc warrior, wielding a +0 long sword and wearing a +0 plate armour (summoned, 91% to hit)
The puff of flame hits the spectral orc knight.
The spectral orc knight hits you but does no damage.
Aim: a spectral orc warrior, wielding a +0 long sword and wearing a +0 plate armour (summoned, 90% to hit)
The puff of flame hits the spectral orc knight but does no damage.
You block the spectral orc knight's attack.
Aim: a spectral orc warrior, wielding a +0 long sword and wearing a +0 plate armour (summoned, 90% to hit)
The puff of flame hits the spectral orc knight.
Your transformation is almost over.
The spectral orc knight hits you with a +1 battleaxe.
* * * LOW HITPOINT WARNING * * *
Aim: a spectral orc warrior, wielding a +0 long sword and wearing a +0 plate armour (summoned, 90% to hit)
The puff of flame hits the spectral orc knight.
The spectral orc knight hits you but does no damage.
Aim: Nergalle, wielding a +0 dagger and wearing a +0 robe (68% to hit)
The puff of flame misses the spectral orc knight.
The puff of flame hits the spectral orc.
The spectral orc knight barely misses you.
Aim: a spectral orc warrior, wielding a +0 dire flail and wearing a +0 chain mail (summoned, 86% to hit)
The puff of flame hits the spectral orc knight.
You block the spectral orc knight's attack.
Aim: a spectral orc warrior, wielding a +0 dire flail and wearing a +0 chain mail (summoned, 88% to hit)
The puff of flame hits the spectral orc knight but does no damage.
The now-empty wand crumbles to dust.
The spectral orc knight hits you with a +1 battleaxe.
* * * LOW HITPOINT WARNING * * *
You feel drained.
Okay, then.
Okay, then.
Okay, then.
Okay, then.
You hit the spectral orc knight but do no damage.
The spectral orc knight hits you but does no damage.
You hit the spectral orc knight but do no damage.
The spectral orc knight hits you but does no damage.
You hit the spectral orc knight but do no damage.
The spectral orc knight hits you with a +1 battleaxe.
* * * LOW HITPOINT WARNING * * *
You hit the spectral orc knight but do no damage.
The spectral orc knight hits you but does no damage.
You hit the spectral orc knight but do no damage.
You feel less wooden.
Your +0 cloak unmelds from your body.
Your +0 pair of boots unmelds from your body.
Your +1 robe unmelds from your body.
The spectral orc knight hits you with a +1 battleaxe!
You die...
Your body crumbles into a pile of gold.

..#....................#.##
..##.................##.##
......................###
.....................##
...................#.#
.#.......(......#...##
...............#.#.##
............{..#####
.........<...o##@#
.....Z...o.#.ZZZ##
###..Z..Z...##Z##
{#........##..##
.#......#.#####
###..#...#.# ##########


You could see 2 spectral orcs and 2 spectral orc knights.

Vanquished Creatures
  2 vault guards (Bailey)
  A two-headed ogre (D:9)
  A death yak (D:10)
  Joseph (D:8)
  Maurice (D:8)
  Prince Ribbit (Bailey)
  A hornet (D:9)
  A wyvern (D:8)
  A wraith (D:9)
  3 yaks (D:9)
  4 humans (Bailey)
  A warg (D:10)
  An acid dragon (D:11)
  2 water moccasins
  4 ice beasts
  5 orc warriors
  A sky beast (D:7)
  2 black bears
  4 ogres
  A centaur (D:5)
  A phantom (D:6)
  A kobold brigand (D:8)
  16 bullfrogs
  2 gnoll sergeants
  2 necrophages
  4 wights (D:9)
  2 scorpions
  7 killer bees
  2 howler monkeys
  2 electric eels (D:8)
  2 hounds
  4 gnoll boudas
  4 orc priests
  Natasha (D:4)
  An iguana (D:6)
  7 orc wizards
  9 adders
  23 gnolls
  2 shadow imps
  A white imp (D:6)
  2 ufetubi
  3 worms
  5 dart slugs
  46 orcs
  4 bats
  6 endoplasms
  3 giant cockroaches
  5 goblins
  5 hobgoblins
  5 jackals
  2 quokkas
  6 ball pythons
  2 frilled lizards
  13 kobolds
  3 rats
241 creatures vanquished.

Vanquished Creatures (others)
  27 fulminant prisms
  30 plants
57 creatures vanquished.

Grand Total: 298 creatures vanquished

Notes
Turn   | Place    | Note
-------+----------+-------------------------------------------
     0 | D:1      | domi the Demonspawn Conjurer began the quest for the Orb.
     0 | D:1      | Reached XP level 1. HP: 13/13 MP: 3/3
   481 | D:1      | Gained mutation: Spells you cast may paralyse adjacent
                  | enemies. [demonic ancestry]
   481 | D:1      | Reached XP level 2. HP: 19/19 MP: 1/5
   980 | D:1      | Found a faded altar of an unknown god.
  1155 | D:2      | Learned a level 2 spell: Searing Ray
  1415 | D:2      | Reached skill level 5 in Conjurations
  1648 | D:3      | HP: 4/19 [adder (1)]
  1652 | D:3      | Reached XP level 3. HP: 6/24 MP: 3/6
  2116 | D:3      | Gained mutation: You have a somewhat thin skeletal
                  | structure. (Dex +2, Stealth+) [demonic ancestry]
  2116 | D:3      | Reached XP level 4. HP: 30/30 MP: 2/7
  2296 | D:3      | Reached skill level 6 in Conjurations
  3259 | D:4      | Noticed a scorpion
  3262 | D:4      | Gained mutation: Spells you cast may paralyse nearby
                  | enemies. [demonic ancestry]
  3262 | D:4      | Reached XP level 5. HP: 35/35 MP: 5/8
  3351 | D:4      | Learned a level 1 spell: Shock
  3356 | D:4      | Learned a level 4 spell: Iskenderun's Mystic Blast
  3965 | D:4      | Noticed Natasha
  3970 | D:4      | Killed Natasha
  3971 | D:4      | Reached skill level 1 in Translocations
  3971 | D:4      | Reached skill level 1 in Air Magic
  3971 | D:4      | Gained mutation: A meltable shield of frost defends you.
                  | (SH +4) [demonic ancestry]
  3971 | D:4      | Reached XP level 6. HP: 41/41 MP: 3/9
  4183 | D:5      | Entered Level 5 of the Dungeon
  4256 | D:5      | Reached skill level 7 in Conjurations
  4577 | D:5      | Reached skill level 2 in Translocations
  4577 | D:5      | Reached skill level 2 in Air Magic
  4592 | D:5      | HP: 10/41 [centaur/arrow (7)]
  4596 | D:5      | Gained mutation: Your body sometimes deteriorates upon
                  | taking damage. [potion of mutation]
  4596 | D:5      | Gained mutation: Your muscles are strong. (Str +4, Int/Dex
                  | -1) [potion of mutation]
  4596 | D:5      | Gained mutation: You are robust. (+10% HP) [potion of
                  | mutation]
  4596 | D:5      | Gained mutation: You have a pair of small horns on your
                  | head. [potion of mutation]
  4597 | D:5      | Lost mutation: Your muscles are strong. (Str +4, Int/Dex
                  | -1) [potion of mutation]
  4597 | D:5      | Lost mutation: You have a pair of small horns on your head.
                  | [potion of mutation]
  4597 | D:5      | Lost mutation: Your body sometimes deteriorates upon taking
                  | damage. [potion of mutation]
  4597 | D:5      | Gained mutation: Your muscles are strong. (Str +4, Int/Dex
                  | -1) [potion of mutation]
  4597 | D:5      | Gained mutation: You expend magic power (3 MP) to
                  | strengthen your wands. [potion of mutation]
  4597 | D:5      | Lost mutation: Your muscles are strong. (Str +4, Int/Dex
                  | -1) [potion of mutation]
  4597 | D:5      | Gained mutation: You are strong-willed. (Will+) [potion of
                  | mutation]
  4601 | D:5      | HP: 6/45 [scorpion (6)]
  4604 | D:5      | HP: 1/45 [centaur (2)]
  4613 | D:5      | HP: 7/45 [scorpion (7)]
  4618 | D:5      | Gained mutation: A meltable icy envelope protects you from
                  | harm. (AC +4) [demonic ancestry]
  4618 | D:5      | Reached XP level 7. HP: 34/50 MP: 0/10
  4857 | D:6      | Reached skill level 3 in Translocations
  4857 | D:6      | Reached skill level 3 in Air Magic
  5103 | D:6      | Found a staircase to the Ecumenical Temple.
  5366 | D:6      | Reached skill level 8 in Conjurations
  5366 | D:6      | Gained mutation: You have a moderately thin skeletal
                  | structure. (Dex +4, Stealth++) [demonic ancestry]
  5366 | D:6      | Reached XP level 8. HP: 41/57 MP: 2/11
  5493 | D:6      | Found a runed translucent gate.
  5494 | D:6      | Found a runed translucent gate.
  5494 | D:6      | Found a runed translucent gate.
  5500 | D:6      | Noticed pokeman's ghost (novice DEHW)
  5643 | Temple   | Entered the Ecumenical Temple
  5649 | Temple   | Reached skill level 4 in Translocations
  5829 | Temple   | Became a worshipper of Gozag Ym Sagoz the Greedy
  5917 | D:6      | Reached skill level 4 in Air Magic
  6624 | D:7      | Reached skill level 3 in Spellcasting
  6713 | D:7      | Found a hide-covered altar of Uskayaw.
  6898 | D:7      | Learned a level 4 spell: Fulminant Prism
  7374 | D:7      | Reached skill level 4 in Spellcasting
  7374 | D:7      | Reached skill level 5 in Translocations
  7374 | D:7      | Reached skill level 5 in Air Magic
  7602 | D:7      | Reached skill level 1 in Fighting
  7887 | D:8      | Reached skill level 2 in Fighting
  7887 | D:8      | Reached XP level 9. HP: 67/67 MP: 9/15
  8044 | D:8      | Reached skill level 3 in Fighting
  8044 | D:8      | Reached skill level 5 in Spellcasting
  8080 | D:8      | Reached skill level 4 in Fighting
  8318 | D:8      | Reached skill level 5 in Fighting
  8528 | D:8      | Reached skill level 6 in Fighting
  8649 | D:8      | HP: 18/75 [killer bee (4)]
  8654 | D:8      | HP: 14/75 [killer bee (1)]
  8662 | D:8      | HP: 15/75 [kobold brigand/+0 whip (2)]
  8665 | D:8      | HP: 3/75 [kobold brigand/+0 whip (7)]
  9328 | D:8      | Noticed Maurice
  9351 | D:8      | Killed Maurice
  9352 | D:8      | Reached skill level 7 in Fighting
  9352 | D:8      | Reached skill level 2 in Hexes
  9457 | D:8      | Learned a level 4 spell: Airstrike
  9792 | D:8      | Noticed Joseph
 10034 | D:8      | Killed Joseph
 10035 | D:8      | Reached skill level 3 in Hexes
 10035 | D:8      | Gained mutation: You have a pair of small antennae on your
                  | head. [demonic ancestry]
 10035 | D:8      | Reached XP level 10. HP: 56/86 MP: 0/17
 10904 | D:9      | Reached skill level 8 in Fighting
 10904 | D:9      | Reached skill level 4 in Hexes
 11081 | D:9      | Noticed a two-headed ogre
 11100 | D:9      | Killed a two-headed ogre
 11101 | D:9      | Reached skill level 5 in Hexes
 11254 | D:9      | Learned a level 3 spell: Hailstorm
 11989 | D:10     | Entered Level 10 of the Dungeon
 11993 | D:10     | Reached skill level 9 in Fighting
 12153 | D:10     | Identified a scroll of acquirement
 12153 | D:10     | Acquired 817 gold pieces
 12491 | D:10     | Found a flagged portal.
 12500 | Bailey   | Entered a bailey
 12512 | Bailey   | Reached skill level 1 in Evocations
 12563 | Bailey   | Reached skill level 2 in Evocations
 12717 | Bailey   | Noticed Prince Ribbit
 12753 | Bailey   | HP: 19/91 [Prince Ribbit (12)]
 12755 | Bailey   | Killed Prince Ribbit
 12921 | Bailey   | Noticed a vault guard
 12974 | Bailey   | Killed a vault guard
 12975 | Bailey   | Reached skill level 6 in Air Magic
 12975 | Bailey   | Reached skill level 3 in Evocations
 12975 | Bailey   | Gained mutation: You have a pair of antennae on your head.
                  | [demonic ancestry]
 12975 | Bailey   | Reached XP level 11. HP: 52/97 MP: 0/18
 13092 | Bailey   | Noticed a vault guard
 13112 | Bailey   | Killed a vault guard
 13113 | Bailey   | Reached skill level 9 in Conjurations
 13529 | D:10     | Identified the +0 dagger of the Modern Deaths {pain, rPois
                  | rC+ Dex+2}
 13629 | D:10     | Found a staircase to the Orcish Mines.
 14037 | D:11     | Found a runed translucent gate.
 14037 | D:11     | Found a runed translucent gate.
 14037 | D:11     | Found a runed translucent gate.
 14091 | D:11     | Noticed a death yak
 14191 | D:10     | Killed a death yak
 14301 | D:11     | Noticed a death yak
 14301 | D:11     | Noticed a death yak
 14672 | D:10     | HP: 21/99 [death yak (21)]
 14681 | D:10     | HP: 24/99 [death yak (18)]
 14685 | D:10     | HP: 6/99 [death yak (19)]
 15389 | D:10     | HP: 22/99 [death yak (8)]
 15630 | D:11     | Noticed Nergalle
 15668 | D:11     | HP: 30/130 [spectral orc knight/+1 battleaxe[Nergalle] (4)]
 15673 | D:11     | HP: 9/127 [spectral orc knight/+1 battleaxe[Nergalle] (16)]
 15680 | D:11     | HP: 6/121 [spectral orc knight/+1 battleaxe[Nergalle] (5)]
 15687 | D:11     | HP: 5/120 [spectral orc knight/+1 battleaxe[Nergalle] (1)]
 15689 | D:11     | Mangled by a spectral orc knight

Illustrated notes

Levels and vault maps discovered:
D:1:      sevenhm_arrival_forest_fort_small_1, layout_loops_ring, serial_glass,
          glass_columns_c, glass_columns_a, minmay_strange_pillars,
          due_unseen_surprise, minmay_strange_pillars,
          ebering_ecumenical_altar_mist
D:2:      layout_rooms, minmay_misc_feat_tiny, mrwooster_statue_mirror
D:3:      layout_basic, minmay_door_square
D:4:      layout_loops_corners, minmay_misc_feat_plants, uniq_natasha
D:5:      layout_loops_ring
D:6:      layout_loops_corners, temple_doors_e, gammafunk_ghost_necromancy
D:7:      layout_layer_cave, mainiacjoe_overflow_24_doors
D:8:      kennysheep_ambush_hall, layout_loops_ring, serial_bayou_ford_a,
          uniq_joseph, uniq_maurice
D:9:      layout_irregular_city
D:10:     layout_cave_pools, david_orc_1_choice, enter_bailey_2
D:11:     layout_big_octagon, dpeg_lair_monsters, gammafunk_ghost_ooze,
          uniq_nergalle
Temple:   mainiacjoe_temple_circle_huts

Skill      XL: |  1  2  3  4  5  6  7  8  9 10 11 |
---------------+----------------------------------+-----
Conjurations   | 5 6 7 8 9 |  9.2
Translocations | 1 2 3 5 |  5.0
Air Magic      | 1 2 3 5 6 |  6.4
Spellcasting   | 4 5 |  5.0
Fighting       | 2 7 9 |  9.9
Hexes          | 3 5 |  5.0
Evocations     | 3 |  3.9
Dodging        | |  1.7
Stealth        | |  1.7

Action                     |  1- 3 |  4- 6 |  7- 9 | 10-12 || total
---------------------------+-------+-------+-------+-------++-------
  Melee: Unarmed           |    34 |       |     1 |       ||    35
         Dagger            |       |       |    53 |   127 ||   180
         Punch             |       |       |     2 |     2 ||     4
  Throw: Javelin           |       |     1 |     3 |       ||     4
   Cast: Magic Dart        |    86 |    75 |    11 |       ||   172
         Shock             |       |    39 |   269 |    78 ||   386
         Iskenderun's Myst |       |       |     2 |    38 ||    40
         Fulminant Prism   |       |       |    12 |    15 ||    27
         Searing Ray       |       |       |     2 |       ||     2
         Hailstorm         |       |       |       |    29 ||    29
         Airstrike         |       |       |       |     6 ||     6
  Evoke: Wand              |       |       |    11 |    30 ||    41
    Use: Potion            |     1 |     8 |     3 |     6 ||    18
         Scroll            |       |       |       |    19 ||    19
   Stab: Paralysed         |    11 |       |    14 |     4 ||    29
         Distracted        |       |       |     1 |       ||     1
         Sleeping          |       |       |       |     1 ||     1
 Armour: Robe              |    12 |     3 |    30 |    57 ||   102
         Skin              |       |       |       |    11 ||    11
  Dodge: Dodged            |    41 |    26 |    63 |   147 ||   277
  Block: Other             |       |     1 |    16 |    44 ||    61

Table legend: (Time is in decaauts)
 A = Elapsed time spent in this place.
 B = Non-inter-level travel time spent in this place.
 C = Inter-level travel time spent in this place.
 D = Time resting spent in this place.
 E = Time spent auto-exploring this place.
 F = Levels seen in this place.
 G = Mean time per level.
                   A        B        C        D        E       F      G
               +--------+--------+--------+--------+--------+-----+--------+
         Total |  15743 |  15225 |    518 |   4140 |   8806 |  13 | 1211.0 |
       Dungeon |  14627 |  14148 |    479 |   3703 |   8448 |  11 | 1329.7 |
        Temple |    207 |    168 |     39 |      0 |    155 |   1 |  207.0 |
        Bailey |    908 |    908 |      0 |    437 |    202 |   1 |  908.0 |
               +--------+--------+--------+--------+--------+-----+--------+

Top non-repeatable levels by time:
     D:8: 2734 daAuts
     D:9: 2161 daAuts
    D:10: 1714 daAuts
     D:6: 1667 daAuts
     D:7: 1339 daAuts
     D:4: 1305 daAuts
     D:3: 1248 daAuts
     D:1: 1004 daAuts
  Bailey: 908 daAuts
     D:2: 627 daAuts
     D:5: 454 daAuts
    D:11: 369 daAuts
  Temple: 207 daAuts

Table legend:
 A = Kills in this place as a percentage of kills in entire the game.
 B = Kills by you in this place as a percentage of kills by you in the entire game.
 C = Kills by friends in this place as a percentage of kills by friends in the entire game.
 D = Other kills in this place as a percentage of other kills in the entire game.
 E = Experience gained in this place as a percentage of experience gained in the entire game.
 F = Experience gained in this place divided by the number of levels of this place that you have seen.
                   A       B       C       D       E      F
               +-------+-------+-------+-------+-------+----------------------
         Total | 100.0 | 100.0 |   N/A |   N/A | 100.0 | 1079.5
       Dungeon |  89.6 |  89.6 |   N/A |   N/A |  70.2 | 895.6
        Temple |   0.4 |   0.4 |   N/A |   N/A |   0.9 | 129.0
        Bailey |  10.0 |  10.0 |   N/A |   N/A |  28.9 | 4052.0
               +-------+-------+-------+-------+-------+----------------------
